 Dungeon Crawl Stone Soup version 0.28-a0-938-gbc3f381ebc (webtiles) character file.

Game seed: 4562351087115952323

65 croobank the Skirmisher (level 4, -4/34 (35) HPs)
             Began as a Human Monk on Nov 28, 2021.
             Killed by nerve-wracking pain
             ... invoked by an orc priest
              (14 damage)
             ... on level 3 of the Dungeon.
             The game lasted 00:08:49 (1514 turns).

croobank the Skirmisher (Human Monk)                Turns: 1514, Time: 00:08:49

HP:   -4/34 (35)    AC:  3    Str: 13    XL:     4   Next: 35%
MP:   4/4           EV: 13    Int: 10    God:
Gold: 35            SH:  0    Dex: 15    Spells: 3/3 levels left

rFire   . . .      SeeInvis .   a - +2 dagger (drain)
rCold   . . .      Faith    .   (no shield)
rNeg    . . .      Spirit   .   e - +0 robe
rPois   .          Reflect  .   (no helmet)
rElec   .          Harm     .   (no cloak)
rCorr   .          Rampage  .   (no gloves)
Will    .....                   f - +0 pair of boots
Stlth   ++........              (no amulet)
HPRegen 0.11/turn               (no ring)
MPRegen 0.09/turn               (no ring)

@: lightly drained
A: no striking features
a: no special abilities


You were on level 3 of the Dungeon.
You visited 1 branch of the dungeon, and saw 4 of its levels.

You collected 35 gold pieces.

Inventory:

Hand Weapons
 a - a +2 dagger of draining (weapon)
 b - a +0 hunting sling
 h - a +0 hand axe
 i - a +0 rapier
 j - a +0 short sword of speed
 k - a +0 whip of electrocution
Missiles
 c - 22 sling bullets
 l - 32 bolts
 m - 3 boomerangs (quivered)
 n - 26 stones
Armour
 d - a +0 pair of gloves
 e - a +0 robe (worn)
 f - a +0 pair of boots (worn)


   Skills:
 - Level 3.2 Fighting
 + Level 2.8 Short Blades
 - Level 3.2 Axes
 - Level 3.2 Dodging
 - Level 2.0 Stealth


You had 3 spell levels left.
You didn't know any spells.
Your spell library was empty.

Dungeon Overview and Level Annotations

Branches:
Dungeon (4/15)
 Temple: D:4-7

Altars:


Message History

You hit the dart slug but do no damage.
You feel yourself slow down.
You completely miss the dart slug. The dart slug barely misses you.
You hit the dart slug. You drain the dart slug.
The dart slug is severely wounded.
The dart slug bites you.
You hit the dart slug but do no damage. You drain the dart slug.
You kill the dart slug!
The ice beast hits you but does no damage.
A hobgoblin comes into view.
Found 8 gold pieces and a pink potion.
The hobgoblin shouts!
You hear an angry hiss.
An endoplasm comes into view.
The ice beast hits you but does no damage.
The ice beast hits you but does no damage.
An orc comes into view. It is wielding a +0 morningstar.
A quokka and 3 orcs come into view.
An orc is wielding a +2 short sword of draining.
The orc shouts!
An orc priest comes into view. It is wielding a +0 flail.
The orc shouts!
The orc priest shouts!
A hobgoblin breaks down the door.
The ice beast closely misses you.
The orc hits you with a +2 short sword of draining.
You feel drained. The quokka closely misses you.
The orc priest invokes the aid of Beogh against you.
Beogh smites you!
The orc shouts!
The hobgoblin closely misses you.
The quokka bites you but does no damage.
The orc priest looks braver for a moment.
The quokka closely misses you. The orc hits you with a +0 war axe.
The hobgoblin hits you. The quokka misses you.
The orc hits you with a +0 war axe! The orc hits you with a +0 club.
* * * LOW HITPOINT WARNING * * *
The orc priest mumbles some strange prayers to Beogh against you.
Pain shoots through your body!
You die...

.........##.......#
.........##.......####
......####..........#
..... #..........# ...
###+##.....# #..#+##
##+##..# #####....#.#
. #...@....'.# ...
#..r.....#.#.....
#..o..............
#..o...##.#.#.#.#.
#ogoo..##...o.....
#.Y....##.#.#.#.#.
#..............o..
#......#..#.#.#.#.
#......##.........


You could see an ice beast, an orc priest, 4 orcs, a quokka and a hobgoblin.

Vanquished Creatures
  A gnoll (D:1)
  An adder (D:4)
  6 dart slugs
  3 ball pythons
  5 endoplasms
  2 goblins
  6 hobgoblins
  2 kobolds (D:1)
  5 bats
  2 frilled lizards
  2 rats
35 creatures vanquished.

Notes
Turn   | Place    | Note
-------+----------+-------------------------------------------
     0 | D:1      | croobank the Human Monk began the quest for the Orb.
     0 | D:1      | Reached XP level 1. HP: 18/18 MP: 1/1
   331 | D:1      | Reached XP level 2. HP: 22/24 MP: 2/2
   529 | D:1      | Reached skill level 1 in Short Blades
   529 | D:1      | Reached XP level 3. HP: 25/29 MP: 3/3
  1261 | D:2      | Reached XP level 4. HP: 35/35 MP: 4/4
  1439 | D:3      | Noticed an ice beast
  1514 | D:3      | Killed from afar by an orc priest

Illustrated notes

Levels and vault maps discovered:
D:1:      dpeg_arrival_court, layout_rooms
D:2:      layout_loops_ring, st_stairs_12, minivault_14,
          chequers_serial_rivers_small_a
D:3:      layout_basic, xom_confusion_cloud, basic_ecumenical_altar,
          serial_glass, glass_columns_c, glass_columns_b
D:4:      kennysheep_six_static_rooms, layout_rooms, vehumet_altar_wand_db,
          serial_shops, nicolae_square_shop, roderic_serpentine_path, uniq_pargi

Skill      XL: |  1  2  3 |
---------------+----------+-----
Short Blades   | 1 2 |  2.8
Fighting       | |  3.2
Axes           | |  3.2
Dodging        | |  3.2
Stealth        | |  2.0

Action                   |  1- 3 |  4- 6 || total
-------------------------+-------+-------++-------
Melee: Hand axe          |    27 |       ||    27
       Dagger            |    54 |    26 ||    80
 Fire: Hunting sling     |     5 |       ||     5
  Use: Scroll            |       |     2 ||     2
       Potion            |       |     2 ||     2
 Stab: Sleeping          |     3 |       ||     3
Armor: Robe              |    13 |     5 ||    18
Dodge: Dodged            |    55 |    18 ||    73

Table legend: (Time is in decaauts)
 A = Elapsed time spent in this place.
 B = Non-inter-level travel time spent in this place.
 C = Inter-level travel time spent in this place.
 D = Time resting spent in this place.
 E = Time spent auto-exploring this place.
 F = Levels seen in this place.
 G = Mean time per level.
                   A        B        C        D        E       F      G
               +--------+--------+--------+--------+--------+-----+--------+
         Total |   1495 |   1468 |     27 |    225 |    818 |   4 |  373.8 |
       Dungeon |   1495 |   1468 |     27 |    225 |    818 |   4 |  373.8 |
               +--------+--------+--------+--------+--------+-----+--------+

Top non-repeatable levels by time:
     D:1: 939 daAuts
     D:2: 464 daAuts
     D:3: 70 daAuts
     D:4: 22 daAuts
